Map: Dusk Towers

Players

capac - Winner!

  • Race: Terran Terran
  • League: Gold

Djdinoco

  • Race: Terran Terran
  • League: Silver

VOD

Have the link to the VOD?

Description

Time

  • Played on: March 5, 2016, 4:15 p.m.
  • Length: 7:29
Show
View Real Time Build Order
Export as new Build Order

capac Terran - Winner!

Build Orders:  

Get SALT Encoding   

  12  0:00  SCV  
  13  0:13  SCV  
  14  0:18  Supply Depot  
  14  0:25  SCV  
  15  0:39  SCV  
  15  0:41  Barracks  
  16  0:46  Refinery  
  16  0:51  SCV  
  17  1:03  SCV  
  18  1:15  SCV  
  19  1:28  SCV  
  19  1:31  Barracks Reactor  
  20  1:39  Command Center  
  20  1:40  SCV  
  20  1:46  Supply Depot  
  21  1:54  Orbital Command  
  21  2:07  Marine x2  
  23  2:19  Factory  
  23  2:20  SCV  
  24  2:25  Marine x2  
  26  2:32  SCV  
  26  2:34  Refinery  
  27  2:44  SCV  
  27  2:45  Marine x2  
  30  2:56  Orbital Command  
  29  3:11  Factory Tech Lab  
  29  3:13  Bunker  
  29  3:14  Bunker  
  28  3:22  Marine x2  
  28  3:25  Bunker  
  30  3:28  SCV x2  
  30  3:32  Siege Tank  
  35  3:39  Starport  
  34  3:53  Marine x2  
  36  4:03  SCV x2  
  36  4:05  Siege Tank  
  41  4:11  Marine x2  
  43  4:21  SCV x2  
  45  4:26  Starport Reactor  
  45  4:28  Marine  
  45  4:29  Refinery  
  46  4:34  Supply Depot  
  46  4:40  Marine  
  47  4:53  SCV x2  
  49  5:01  Command Center  
  49  5:02  Medivac  
  49  5:03  Medivac  
  53  5:26  Siege Tank  
  53  5:28  Barracks, SCV x2  
  57  5:33  Supply Depot  
  58  5:37  Engineering Bay  
  58  5:55  SCV x2  
  60  5:57  Medivac x2  
  64  6:07  SCV x2  
  66  6:12  Supply Depot  
  66  6:19  Barracks, SCV, Barracks Reactor  
  66  6:20  Siege Tank, SCV  
  71  6:31  Marine x2  
  73  6:34  SCV x2  
  73  6:37  Refinery  
  73  6:39  Supply Depot  
  75  6:43  Engineering Bay  
Show
View Real Time Build Order
Export as new Build Order

Djdinoco Terran 

Build Orders:  

Get SALT Encoding   

  12  0:02  SCV  
  14  0:14  SCV  
  14  0:21  Supply Depot  
  14  0:33  SCV  
  15  0:46  Supply Depot  
  15  0:48  SCV  
  16  1:00  SCV  
  16  1:03  Barracks  
  17  1:08  Supply Depot  
  17  1:17  SCV  
  18  1:28  Refinery  
  18  1:38  Barracks  
  19  1:40  SCV  
  19  1:51  Barracks  
  19  1:52  Marine  
  20  1:59  Orbital Command  
  20  2:09  Marine  
  21  2:27  Marine x2  
  23  2:33  Engineering Bay  
  23  2:39  Marine  
  24  2:45  Barracks, Marine  
  24  2:48  Barracks Reactor  
  25  2:55  Refinery  
  25  3:05  Marine x2  
  24  3:21  Barracks  
  24  3:26  Marine x2  
  26  3:34  Reaper  
  23  4:11  Barracks  
  23  4:17  Barracks Reactor  
  23  4:20  Terran Infantry Weapons Level 1  
  23  4:25  Factory  
  23  4:27  SCV  
  24  4:34  Marine  
  24  4:35  Marine  
  26  4:39  SCV  
  27  4:55  Marine x2  
  27  4:57  Command Center  
  29  5:03  Barracks Reactor  
  29  5:07  Barracks  
  28  5:38  Factory Tech Lab  
  28  5:41  Starport  
  28  5:54  Missile Turret  
  28  6:14  SCV  
  28  6:16  Missile Turret  
  29  6:26  SCV  
  29  6:28  Barracks Tech Lab  
  30  6:35  Barracks Reactor  
  30  6:37  Missile Turret  
  30  6:38  SCV  
  31  6:44  Marine x3  
  31  6:45  Marine x3  
  37  6:50  SCV  
  38  6:58  Starport Reactor  
  38  7:02  Marine x2  
Tags
 
Matchup
TvT
Race
Terran
Add a new tag
Caveats
  • Supply blocks, unpowered buildings, or Contaminate may cause inaccurate times.
  • Supply counts are checked every 10 seconds.